 Dungeon Sprint DCSS version 0.18-a0-1361-g9293dd1 (webtiles) character file.

8797 Kidiri the Unseen (level 11, -17/56 HPs)
             Began as a Spriggan Enchanter on Feb 20, 2016.
             Was an Elder of Dithmenos.
             Demolished by a tentacle (27 damage)
             ... attached to a kraken
             ... in the Dungeon (Sprint II: "The Violet Keep of Menkaure").
             The game lasted 00:09:55 (1237 turns).

Kidiri the Unseen (Spriggan Enchanter)              Turns: 1237, Time: 00:09:55

Health: -17/56     AC:  3    Str:  3 (4)  XL:     11   Next: 14%
Magic:  11/26      EV: 32    Int: 16 (18) God:    Dithmenos [****..]
Gold:   937        SH:  0    Dex: 19      Spells: 8 memorised, 6 levels left

rFire  . . .     SeeInvis +     a - +1 dagger
rCold  . . .     Gourm    .     b - +1 robe
rNeg   . . .     Faith    .     (shield restricted)
rPois  .         Spirit   .     (helmet restricted)
rElec  .         Dismiss  .     (no cloak)
rCorr  .         Reflect  .     (gloves unavailable)
SustAt .         Harm     .     (boots unavailable)
MR     +....     NoTele   +     (no amulet)
Stlth  ++++++++++               (no ring)
                                (no ring)

@: wreathed by umbra, very quick, somewhat resistant to hostile enchantments,
uncannily stealthy
A: unfitting armour, see invisible, deterioration 2, herbivore 3, speed 3, low
mp 1, slow metabolism 2
a: Shadow Step, Renounce Religion


You were in the Dungeon.
You worshipped Dithmenos.
Dithmenos was greatly pleased with you.
You were not hungry.

You visited 1 branch You collected 1847 gold pieces.
You spent 910 gold pieces at shops.

Inventory:

Hand Weapons
 a - a +1 dagger (weapon)
Armour
 b - a +1 robe (worn)
Scrolls
 j - 3 scrolls of blinking
 l - a scroll of immolation {unknown}
 n - 2 scrolls of fear {unknown}
 p - a scroll of magic mapping {unknown}
 t - a scroll of enchant weapon {unknown}
 w - a scroll of recharging {unknown}
 x - 3 scrolls of random uselessness {unknown}
 y - 3 scrolls of remove curse {unknown}
Potions
 e - a potion of curing
 g - a potion of haste
 h - 3 potions of magic
 k - a potion of might
 q - 2 potions of brilliance
 r - 2 potions of ambrosia
 s - 3 potions of flight
 u - a potion of agility
 A - a potion of cure mutation {unknown}
 B - 3 potions of resistance {unknown}
Books
 i - a book of Ice

   Spells                             Type                      Level
   a - Ice Form                       Ice/Transmutation            4
   b - Metabolic Englaciation         Hexes/Ice                    5
   c - Ozocubu's Refrigeration        Ice                          6
   d - Bolt of Cold                   Conjuration/Ice              6
   e - Freezing Cloud                 Conjuration/Ice/Air          6
   f - Simulacrum                     Ice/Necromancy               6
Comestibles
 d - 3 bread rations
 o - a royal jelly
 z - 6 fruits


   Skills:
 + Level 6.1 Fighting
 * Level 11.7 Short Blades
 + Level 5.6 Armour
 * Level 14.8 Dodging
 * Level 16.1 Stealth
 * Level 12.8 Spellcasting
 + Level 5.0 Conjurations
 + Level 9.7 Hexes
 + Level 5.4 Ice Magic
 + Level 6.2 Air Magic
 - Level 2.8 Invocations


You had 6 spell levels left.
You knew the following spells:

 Your Spells              Type           Power        Failure   Level  Hunger
a - Corona                Hex            #####..      1%          1    None
b - Ensorcelled Hibernat  Hex/Ice        ####..       1%          2    None
c - Confuse               Hex            #####...     1%          3    None
d - Tukima's Dance        Hex            #####...     1%          3    None
e - Dazzling Spray        Conj/Hex       ####....     1%          3    None
f - Freezing Cloud        Conj/Ice/Air   ####......   93%         6    ######.
g - Bolt of Cold          Conj/Ice       ####......   97%         6    ######.
h - Metabolic Englaciati  Hex/Ice        ####......   12%         5    ####...


Dungeon Overview and Level Annotations

Branches:
Dungeon (1/1)

Altars:
Cheibriados
Dithmenos
Elyvilon
Fedhas
Gozag
Kikubaaqudgha
Makhleb
Nemelex Xobeh
Okawaru
Pakellas
Qazlal
Ru
Sif Muna
Trog
Vehumet
Xom
Yredelemnul
Zin
The Shining One
Beogh
Jiyva
Lugonu

Shops:
D [}:(?[**!=%%!=(:

Annotations:
D exclusion: oklob plant, Roxanne


Innate Abilities, Weirdness & Mutations

You are tiny and cannot use many weapons and most armour.
You have supernaturally acute eyesight.
You are an herbivore.
You cover ground extremely quickly.
You need consume almost no food.
Your body often deteriorates upon taking damage.
Your magical capacity is low (-10% MP).


Message History

Casting: Dazzling Spray
Confirm with . or Enter, or press ? or * to list all spells.
Aiming: Dazzling Spray
Press: ? - help, Shift-Dir - straight line, f - tentacle segment
Aim: a tentacle segment (umbra)
The spray of energy hits the tentacle.
The tentacle slaps you!
Casting: Dazzling Spray
Confirm with . or Enter, or press ? or * to list all spells.
Aiming: Dazzling Spray
Press: ? - help, Shift-Dir - straight line, f - tentacle
Aim: a tentacle (umbra)
The spray of energy hits the tentacle.
The tentacle is lightly wounded.
The spray of energy hits the tentacle segment.
The tentacle segment is lightly wounded.
The tentacle slaps you!
* * * LOW HITPOINT WARNING * * *
Your body deteriorates!
You feel dopey. The tentacle slaps you!!
You die...

## +§..▓0..▓ .###
#.§.▓▓▓▓▓▓▓▓▓▓ ...#
#§§§▓§§§§§≈≈§▓▓ ...#
#|:▓▓▓▓▓▓▓▓▓▓▓ ...#
#[)▓...([..:▓▓ ##^#
#::▓....)(%.▓▓
.'.####)[▓.%.%..(.▓▓
[#...####▓[..(...(▓▓
###^.##)#▓...)..@(▓▓
..†.^#..#▓.)%.[[w.▓▓
..#..#.%#▓..((..│.▓▓
###..##.#▓.).....>▓▓
.###...##▓▓▓▓▓▓▓<▓▓▓▓+▓
...≈≈≈≈≈≈≈≈≈≈§§≈.─*X≈≈▓
..§≈#+########'###www≈▓
≈§.≈#..._._..#≈≈§##≈≈≈▓
§§.≈#.._._._.#§≈≈≈####▓▓▓▓▓


You could see a kraken and 4 tentacles.

Vanquished Creatures
  2 sphinxes (D)
  2 hell hogs (D)
  2 unseen horrors (D)
  2 deep trolls (D)
  A yaktaur (D)
  3 polar bears (D)
  2 boulder beetles (D)
  2 hippogriffs (D)
  4 neqoxecs (D)
  A vampire mosquito (D)
  A wasp (D)
  4 crocodiles (D)
  3 worms (D)
  A spectral giant cockroach (D)
  A spectral giant gecko (D)
  4 tentacles (D)
35 creatures vanquished.

Vanquished Creatures (others)
  Menkaure (D)
  A crocodile (D)
  371 tentacle segments (D)
373 creatures vanquished.

Grand Total: 408 creatures vanquished

Notes
Turn   | Place    | Note
--------------------------------------------------------------
     0 | D        | Kidiri the Spriggan Enchanter began the quest for the Orb.
     0 | D        | Reached XP level 1. HP: 9/9 MP: 5/5
     1 | D        | Noticed a neqoxec
     1 | D        | Gained mutation: Your body sometimes deteriorates upon taking damage. [a neqoxec]
     5 | D        | Gained mutation: Your body often deteriorates upon taking damage. [a neqoxec]
    10 | D        | Noticed a neqoxec
    15 | D        | Killed a neqoxec
    15 | D        | Reached skill level 6 in Dodging
    15 | D        | Reached skill level 7 in Stealth
    15 | D        | Reached skill level 5 in Spellcasting
    15 | D        | Reached skill level 5 in Hexes
    15 | D        | Reached XP level 2. HP: 15/15 MP: 5/9
    15 | D        | Reached XP level 3. HP: 18/18 MP: 6/11
    15 | D        | Reached XP level 4. HP: 23/23 MP: 6/12
    18 | D        | Gained mutation: Your magical capacity is low (-10% MP). [a neqoxec]
    24 | D        | Killed a neqoxec
    24 | D        | Reached skill level 5 in Short Blades
    24 | D        | Reached skill level 8 in Dodging
    24 | D        | Reached skill level 9 in Stealth
    24 | D        | Reached XP level 5. HP: 27/27 MP: 6/13
    30 | D        | Learned a level 2 spell: Ensorcelled Hibernation
    34 | D        | Learned a level 3 spell: Confuse
    38 | D        | Learned a level 3 spell: Tukima's Dance
    38 | D        | Killed Menkaure
    42 | D        | Learned a level 3 spell: Dazzling Spray
    43 | D        | Noticed a neqoxec
    48 | D        | Noticed a neqoxec
    48 | D        | Noticed Roxanne
    54 | D        | Killed a neqoxec
    54 | D        | Reached skill level 10 in Stealth
    54 | D        | Reached skill level 1 in Conjurations
    54 | D        | Reached skill level 1 in Ice Magic
    54 | D        | Reached XP level 6. HP: 19/32 MP: 4/15
    84 | D        | Found Atip's Book Shop.
    88 | D        | Killed a neqoxec
    88 | D        | Reached XP level 7. HP: 24/36 MP: 11/17
   189 | D        | Noticed a boulder beetle
   189 | D        | Noticed a boulder beetle
   192 | D        | Noticed a hippogriff
   192 | D        | Noticed a hippogriff
   223 | D        | Killed a hippogriff
   223 | D        | Reached skill level 10 in Dodging
   223 | D        | Reached skill level 11 in Stealth
   226 | D        | Killed a hippogriff
   233 | D        | Noticed an ice statue
   236 | D        | Found Fiuwnapp's Antique Weapon Boutique.
   275 | D        | Killed a boulder beetle
   275 | D        | Reached XP level 8. HP: 42/42 MP: 20/20
   281 | D        | Killed a boulder beetle
   281 | D        | Reached skill level 12 in Stealth
   286 | D        | Found Enocot's Food Shop.
   286 | D        | Found Vuriorr's Distillery.
   286 | D        | Found Beeffis's Jewellery Boutique.
   286 | D        | Found Okkeun's Food Boutique.
   286 | D        | Found Iroq's General Store.
   286 | D        | Found Misyul's Distillery.
   287 | D        | Found Rebbox's Jewellery Boutique.
   287 | D        | Found Gauneru's General Store.
   287 | D        | Found Kuhagrat's Antique Armour Boutique.
   293 | D        | Found Uchuxim's Magic Scroll Shop.
   293 | D        | Found Peesm's Weapon Boutique.
   293 | D        | Noticed an oklob plant
   294 | D        | Found Xiacir's Gadget Shop.
   294 | D        | Found Tomocloe's Antique Armour Boutique.
   294 | D        | Found Tamuzufi's Book Shoppe.
   296 | D        | Noticed a shining eye
   296 | D        | Noticed a shining eye
   297 | D        | Noticed a shining eye
   302 | D        | Noticed a griffon
   317 | D        | Noticed a griffon
   320 | D        | Noticed a griffon
   332 | D        | Bought a book of Ice for 910 gold pieces
   339 | D        | Learned a level 6 spell: Freezing Cloud
   346 | D        | Learned a level 6 spell: Bolt of Cold
   361 | D        | Reached skill level 1 in Air Magic
   395 | D        | Found a deep blue altar of Sif Muna.
   396 | D        | Found a radiant altar of Vehumet.
   396 | D        | Found a stormy altar of Qazlal.
   397 | D        | Found a bloodstained altar of Trog.
   397 | D        | Found a glowing silver altar of Zin.
   397 | D        | Found a shimmering altar of Xom.
   397 | D        | Found a shadowy altar of Dithmenos.
   398 | D        | Found an oddly glowing altar of Pakellas.
   398 | D        | Found a snail-covered altar of Cheibriados.
   398 | D        | Found an iron altar of Okawaru.
   399 | D        | Found a burning altar of Makhleb.
   399 | D        | Found an opulent altar of Gozag.
   399 | D        | Found a blossoming altar of Fedhas.
   400 | D        | Found a sparkling altar of Nemelex Xobeh.
   400 | D        | Found a sacrificial altar of Ru.
   400 | D        | Found a basalt altar of Yredelemnul.
   401 | D        | Found a viscous altar of Jiyva.
   401 | D        | Found a white marble altar of Elyvilon.
   403 | D        | Noticed a yaktaur
   403 | D        | Noticed a polar bear
   404 | D        | Noticed a polar bear
   404 | D        | Noticed a polar bear
   405 | D        | Killed a polar bear
   406 | D        | Killed a polar bear
   408 | D        | Reached skill level 10 in Spellcasting
   409 | D        | Killed a polar bear
   409 | D        | Reached skill level 13 in Stealth
   409 | D        | Reached XP level 9. HP: 46/46 MP: 21/21
   411 | D        | Killed a yaktaur
   421 | D        | Found a glowing golden altar of the Shining One.
   421 | D        | Found an ancient bone altar of Kikubaaqudgha.
   422 | D        | Found a roughly hewn altar of Beogh.
   422 | D        | Found a corrupted altar of Lugonu.
   428 | D        | Became a worshipper of Dithmenos the Shadowed
   440 | D        | Noticed a hell hog
   442 | D        | Noticed a hell hog
   442 | D        | Killed a hell hog
   442 | D        | Reached skill level 1 in Invocations
   444 | D        | Killed a hell hog
   444 | D        | Reached * piety under Dithmenos
   444 | D        | Reached skill level 5 in Fighting
   444 | D        | Reached skill level 10 in Short Blades
   444 | D        | Reached skill level 14 in Stealth
   457 | D        | Noticed an unseen horror
   458 | D        | Noticed an unseen horror
   459 | D        | Killed an unseen horror
   459 | D        | Reached XP level 10. HP: 48/51 MP: 20/23
   461 | D        | Killed an unseen horror
   461 | D        | Reached ** piety under Dithmenos
   461 | D        | Reached skill level 5 in Air Magic
   469 | D        | Noticed a deep elf master archer
   503 | D        | Learned a level 5 spell: Metabolic Englaciation
   670 | D        | Noticed a kraken
   930 | D        | Reached skill level 5 in Armour
   932 | D        | Reached *** piety under Dithmenos
   971 | D        | Noticed a deep troll
   973 | D        | Noticed a deep troll
   976 | D        | Killed a deep troll
   985 | D        | Killed a deep troll
   985 | D        | Reached skill level 15 in Stealth
  1156 | D        | Noticed a sphinx
  1157 | D        | Noticed a sphinx
  1159 | D        | Killed a sphinx
  1159 | D        | Reached skill level 5 in Ice Magic
  1160 | D        | Killed a sphinx
  1160 | D        | Reached **** piety under Dithmenos
  1160 | D        | Reached skill level 16 in Stealth
  1160 | D        | Reached skill level 5 in Conjurations
  1160 | D        | Reached XP level 11. HP: 53/56 MP: 24/26
  1237 | D        | Demolished by a tentacle

Vault maps used:
D:        the_violet_keep_of_menkaure

Action                   |  1- 3 |  4- 6 |  7- 9 | 10-12 || total
-------------------------+-------+-------+-------+-------++-------
Melee: Dagger            |     9 |    20 |    19 |    20 ||    68
 Cast: Ensorcelled Hiber |       |     5 |     6 |     7 ||    18
       Confuse           |       |     2 |     1 |     5 ||     8
       Dazzling Spray    |       |     1 |       |    16 ||    17
  Use: Potion            |     1 |     1 |       |     2 ||     4
       Scroll            |       |       |       |     6 ||     6
 Stab: Sleeping          |       |     1 |    16 |     8 ||    25
       Confused          |       |     2 |     1 |     2 ||     5
       Invisible         |       |       |       |     1 ||     1
